 Dungeon Crawl Stone Soup version 0.27.1-33-g824d729ab1 (webtiles) character file.

Game seed: 7813648142120734335

5844 rvierbuc the Cleaver (level 10, -3/90 HPs)
             Began as a Minotaur Berserker on Dec 6, 2021.
             Was an Elder of Trog.
             Slain by a komodo dragon (27 damage)
             ... on level 1 of the Lair of Beasts.
             The game lasted 00:25:36 (8430 turns).

rvierbuc the Cleaver (Minotaur Berserker)           Turns: 8430, Time: 00:25:37

Health: -3/90      AC: 15    Str: 30    XL:     10   Next: 51%
Magic:  9/9        EV:  7    Int:  4    God:    Trog [****..]
Gold:   559        SH:  8    Dex: 11    Spells: 9/9 levels left

rFire    . . .     SeeInvis .   K - +2 hand axe (vamp)
rCold    + . .     Faith    .   w - +0 kite shield
rNeg     . . .     Spirit   .   j - +0 chain mail
rPois    +         Reflect  .   (helmet restricted)
rElec    .         Harm     .   (no cloak)
rCorr    +         Rampage  .   f - +0 pair of gloves
Will     .....                  r - +1 pair of boots
Stlth    ..........             q - amulet of regeneration
HPRegen  1.25/turn              o - ring "Mitailudgh" {Drain rPois rC+ Str+6}
MPRegen  0.11/turn              A - ring of resist corrosion

@: no status effects
A: horns 2, retaliatory headbutt
a: Renounce Religion, Berserk, Trog's Hand, Brothers in Arms


You were on level 1 of the Lair of Beasts.
You worshipped Trog.
Trog was greatly pleased with you.
You visited 2 branches of the dungeon, and saw 10 of its levels.
You also visited: Sewer.

You collected 559 gold pieces.

Inventory:

Hand Weapons
 a - a +0 hand axe
 u - a +2 vorpal battleaxe
 y - a +0 war axe
 C - the +1 dagger of Aqiymous {drain, +Rage Dex+8}
   (You found it on level 7 of the Dungeon)

   A truly terrible weapon, it drains the life of any living foe it strikes.
   Dex:       It affects your dexterity (+8).
   +Rage:     It lets you go berserk.
 K - a +2 vampiric hand axe (weapon)
Missiles
 x - 5 boomerangs (quivered)
Armour
 b - a +0 animal skin
 f - a +0 pair of gloves (worn)
 j - a +0 chain mail (worn)
 r - a +1 pair of boots (worn)
 w - a +0 kite shield (worn)
 G - +0 acid dragon scales
Jewellery
 o - the ring "Mitailudgh" (left hand) {Drain rPois rC+ Str+6}
   (You found it on level 4 of the Dungeon)

   [ring of strength]

   Str:       It affects your strength (+6).
   rC:        It protects you from cold.
   rPois:     It protects you from poison.
   Drain:     It drains your maximum health when unequipped.
 q - an amulet of regeneration (around neck)
 A - a ring of resist corrosion (right hand)
 E - a +4 ring of evasion
 H - an amulet of faith
Scrolls
 c - 8 scrolls of identify {unknown}
 d - 2 scrolls of vulnerability {unknown}
 e - a scroll of holy word {unknown}
 k - 4 scrolls of teleportation {unknown}
 s - a scroll of amnesia {unknown}
 v - 2 scrolls of brand weapon {unknown}
 z - 2 scrolls of noise {unknown}
 B - a scroll of blinking {unknown}
 J - a scroll of immolation {unknown}
 L - a scroll of fear {unknown}
Potions
 g - 3 potions of curing {unknown}
 h - a potion of invisibility {unknown}
 i - 3 potions of haste {unknown}
 l - a potion of degeneration {unknown}
 m - 9 potions of heal wounds {unknown}
 n - 2 potions of lignification {unknown}
 p - 3 potions of ambrosia {unknown}
 t - 3 potions of attraction {unknown}
 D - 2 potions of brilliance {unknown}
 F - a potion of flight {unknown}
Miscellaneous
 I - a lightning rod (4/4)


   Skills:
 * Level 8.7 Fighting
 * Level 13.1 Axes
 + Level 9.8 Armour
 + Level 4.9 Dodging
 - Level 2.3 Stealth
 * Level 0.1 Evocations


You had 9 spell levels left.
You didn't know any spells.
Your spell library was empty.

Dungeon Overview and Level Annotations

Branches:
Dungeon (9/15)             Temple (0/1) D:7            Lair (1/6) D:9
    Orc (0/2) D:9           Sewer (visited)

Altars:
Ashenzari
Cheibriados
Kikubaaqudgha
Makhleb
Nemelex Xobeh
Okawaru
Vehumet
Wu Jian
Yredelemnul


Innate Abilities, Weirdness & Mutations

You have a pair of horns on your head.
You reflexively headbutt those who attack you in melee.


Message History

You hit the water moccasin.
Your headbutt misses the water moccasin.
The water moccasin is severely wounded.
The water moccasin completely misses you.
You slash the water moccasin!
You kill the water moccasin!
Trog accepts your kill.
You see here a water moccasin corpse.
You see here a water moccasin corpse.
Found a quarterstaff.
You open the door.
There is an open door here.
You open the door.
There is an open door here.
You open the door.
There is an open door here.
A komodo dragon comes into view.
Found 12 gold pieces.
The komodo dragon hisses angrily.
A komodo dragon is nearby!
A komodo dragon is nearby!
The komodo dragon bites you!!
You hit the komodo dragon but do no damage.
The komodo dragon bites you!!
You slash the komodo dragon!
You feel better.
The komodo dragon is moderately wounded.
The komodo dragon bites you!
You slash the komodo dragon!
You feel better.
You headbutt the komodo dragon, but do no damage.
The komodo dragon is heavily wounded.
The komodo dragon bites you!!
* * * LOW HITPOINT WARNING * * *
You slash the komodo dragon!
The komodo dragon is almost dead.
The komodo dragon bites you.
* * * LOW HITPOINT WARNING * * *
You hit the komodo dragon.
You feel better.
The komodo dragon is almost dead.
The komodo dragon bites you!!
You die...

#......#
#......#
##......#
.......
#.....
#$...
#l.#
#.@##
#.#.#
###+#.##
#......#
##......#
#P......#
##......#
#......##
+.......#


You could see a komodo dragon.

Vanquished Creatures
  A komodo dragon (D:9)
  Grinder (D:3)
  A shadow (D:9)
  Sigmund (D:6)
  3 yaks (D:9)
  3 steam dragons
  An acid dragon (D:9)
  5 water moccasins
  4 black bears (D:9)
  An ice beast (D:6)
  3 sky beasts
  An orc warrior (D:6)
  A necrophage (D:6)
  3 ogres
  3 centaurs
  3 phantoms
  Blork the orc (D:5)
  2 bullfrogs
  3 gnoll sergeants
  A wyvern zombie (D:6)
  4 scorpions
  4 wights (D:9)
  3 bullfrog zombies (D:6)
  2 jellies
  2 centaur zombies (D:6)
  3 hounds
  A gnoll shaman (D:8)
  5 orc priests
  An iron imp (D:4)
  2 iguanas
  5 orc wizards
  Terence (D:3)
  A hound zombie (D:5)
  3 howler monkey zombies
  26 gnolls
  7 adders
  2 river rats (D:6)
  A white imp (D:4)
  6 worms
  A dart slug (D:2)
  12 orcs
  8 ball pythons
  7 bats
  7 endoplasms
  3 giant cockroaches
  6 hobgoblins
  5 jackals
  4 quokkas
  A frilled lizard (D:2)
  8 goblins
  12 kobolds
  8 rats
203 creatures vanquished.

Vanquished Creatures (others)
  32 fungi (D:9)
  41 plants
73 creatures vanquished.

Grand Total: 276 creatures vanquished

Notes
Turn   | Place    | Note
-------+----------+-------------------------------------------
     0 | D:1      | rvierbuc the Minotaur Berserker began the quest for the
                  | Orb.
     0 | D:1      | Reached XP level 1. HP: 19/19 MP: 0/0
   261 | D:1      | Reached XP level 2. HP: 26/27 MP: 1/1
   438 | D:1      | Reached skill level 4 in Axes
   706 | D:1      | Reached XP level 3. HP: 33/33 MP: 2/2
   734 | D:1      | Reached ** piety under Trog
  1461 | D:2      | Reached XP level 4. HP: 35/41 MP: 3/3
  1541 | D:2      | Reached skill level 1 in Stealth
  1692 | D:2      | Found a faded altar of an unknown god.
  2099 | D:3      | Noticed Terence
  2105 | D:3      | Killed Terence
  2228 | D:3      | Found a burning altar of Makhleb.
  2473 | D:3      | Noticed Grinder
  2473 | D:3      | Paralysed by Grinder for 6 turns
  2496 | D:3      | Paralysed by Grinder for 4 turns
  2501 | D:3      | Killed Grinder
  2502 | D:3      | Reached skill level 5 in Axes
  2502 | D:3      | Reached XP level 5. HP: 39/47 MP: 4/4
  2502 | D:3      | Reached XP level 6. HP: 45/55 MP: 5/5
  2765 | D:4      | Reached skill level 5 in Fighting
  2765 | D:4      | Reached skill level 6 in Axes
  3070 | D:4      | Identified the ring "Mitailudgh" {Drain rPois rC+ Str+6}
  3336 | D:4      | Found an ornate altar of the Wu Jian Council.
  3373 | D:4      | Reached XP level 7. HP: 61/61 MP: 6/6
  3465 | D:4      | Reached *** piety under Trog
  3535 | D:4      | Found a snail-covered altar of Cheibriados.
  3805 | D:5      | Entered Level 5 of the Dungeon
  3842 | D:5      | Found a sparkling altar of Nemelex Xobeh.
  3928 | D:5      | Reached skill level 7 in Axes
  4224 | D:5      | Noticed a steam dragon
  4236 | D:5      | Killed a steam dragon
  4237 | D:5      | Reached skill level 5 in Armour
  4414 | D:5      | Reached XP level 8. HP: 70/70 MP: 7/7
  4418 | D:5      | Reached skill level 8 in Axes
  4632 | D:5      | Found an ancient bone altar of Kikubaaqudgha.
  4840 | D:5      | Noticed Blork the orc
  4850 | D:5      | Killed Blork the orc
  5308 | D:6      | Found a basalt altar of Yredelemnul.
  5376 | D:6      | Reached skill level 9 in Axes
  5467 | D:6      | Noticed Sigmund
  5473 | D:6      | Killed Sigmund
  5515 | D:6      | Reached XP level 9. HP: 78/78 MP: 8/8
  5525 | D:6      | Reached skill level 10 in Axes
  5667 | D:6      | Found a glowing drain.
  5671 | Sewer    | Entered a sewer
  6055 | D:6      | Reached **** piety under Trog
  6195 | D:7      | Reached skill level 11 in Axes
  6228 | D:7      | Found a radiant altar of Vehumet.
  6486 | D:7      | Found a staircase to the Ecumenical Temple.
  6557 | D:7      | Identified the +1 dagger of Aqiymous {drain, +Rage Dex+8}
  6799 | D:7      | Found an iron altar of Okawaru.
  7736 | D:9      | Reached skill level 12 in Axes
  7744 | D:9      | Reached XP level 10. HP: 88/88 MP: 9/9
  7784 | D:9      | Found a staircase to the Lair.
  7868 | D:9      | Found Finuraop's Jewellery Shop.
  8050 | D:9      | Reached skill level 13 in Axes
  8076 | D:9      | Found a staircase to the Orcish Mines.
  8119 | D:9      | Found a broken altar of Ashenzari.
  8330 | Lair:1   | Entered Level 1 of the Lair of Beasts
  8430 | Lair:1   | Slain by a komodo dragon

Illustrated notes

Levels and vault maps discovered:
D:1:      lightli_arrival_noodles, layout_basic, serial_bayou_pond_b,
          minivault_23, serial_bayou_pond_e
D:2:      layout_basic, ebering_ecumenical_altar_abandoned,
          minmay_close_crescents
D:3:      layout_loops_cross, mainiacjoe_overflow_alcove_4, uniq_grinder,
          uniq_terence
D:4:      layout_cave_pools, slow_altar_1, pdpol_wu_jian_five_deadly_venoms,
          minmay_statues_item
D:5:      layout_loops_corners, mainiacjoe_overflow_tiny_flanked,
          overflow_temple_1_default, uniq_blork_the_orc
D:6:      layout_basic, nicolae_yredelemnul_corpse_copse, gup_sewer_entry_bowl,
          lemuel_old_faithful, uniq_sigmund
D:7:      layout_basic, nicolae_vehumet_radiance, okawaru_gym_becter,
          minmay_temple_entry_overgrown
D:8:      layout_loops_ring, kennysheep_path_1, kennysheep_generic_room_8
D:9:      layout_basic, mainiacjoe_overflow_alcove_1,
          due_lair_maze_entry_diamond, serial_shops, kennysheep_little_box,
          evilmike_butchery
Lair:1:   layout_roguey, disabler_island, grunt_megastairs_1

Skill      XL: |  1  2  3  4  5  6  7  8  9 10 |
---------------+-------------------------------+-----
Fighting       | 4 5 6 8 |  8.7
Axes           | 4 5 6 7 9 12 13 | 13.1
Stealth        | 2 |  2.3
Dodging        | 3 4 |  4.9
Armour         | 3 5 7 8 9 |  9.8
Evocations     | |  0.1

Action                   |  1- 3 |  4- 6 |  7- 9 | 10-12 || total
-------------------------+-------+-------+-------+-------++-------
Melee: Hand axe          |    85 |    98 |    86 |     8 ||   277
       Headbutt          |     9 |    22 |    56 |    12 ||    99
       Battleaxe         |       |       |   154 |    43 ||   197
Throw: Throwing net      |       |       |       |     1 ||     1
Invok: Berserk           |     1 |     3 |     7 |     1 ||    12
       Trog's Hand       |       |       |     1 |       ||     1
 Stab: Sleeping          |     1 |     3 |       |       ||     4
Armor: Animal skin       |    23 |     7 |       |       ||    30
       Chain mail        |       |    40 |   144 |    28 ||   212
Dodge: Dodged            |    56 |    50 |   138 |    28 ||   272
